 Dungeon Crawl Stone Soup version 0.30-a0-723-gc1506a1cf0 (webtiles) character file.

Game seed: 16918346286251924880

22129 iguanaiguana the Summoner (level 12, 0/92 HPs)
             Began as a Mummy Delver on Jan 28, 2023.
             Was a High Priest of Wu Jian.
             Slain by Jorgrun
             ... wielding a +0 heavy quarterstaff
              (19 damage)
             ... on level 2 of the Orcish Mines on Jan 29, 2023.
             The game lasted 01:49:54 (6920 turns).

iguanaiguana the Summoner (Mummy Delver)            Turns: 6920, Time: 01:49:54

Health: 0/92       AC: 12    Str: 16    XL:     12   Next: 60%
Magic:  22/22      EV: 30    Int: 12    God:    Wu Jian [*****.]
Gold:   603        SH:  0    Dex: 18    Spells: 7/25 levels left

rFire   . . .      SeeInvis +    B - +0 short sword (venom)
rCold   . . .      Faith    +    (no shield)
rNeg    + + +      Spirit   .    A - +0 troll leather armour
rPois   ∞          Reflect  .    E - +1 helmet {SInv}
rElec   .          Harm     .    G - +1 cloak {Stlth+}
rCorr   .          Rampage  .    i - +2 pair of gloves {Dex+3}
Will    +....                    l - +0 pair of boots
Stlth   ++                       v - amulet of regeneration
HPRegen 1.95/turn                D - ring of fire
MPRegen 0.18/turn                (no ring)

@: in a heavenly storm, glowing, studying Dodging
A: cold resistance 1, negative energy resistance 3, torment resistance 2, heat
vulnerability 1, in touch with death 1, no potions, faith
a: Renounce Religion, Wall Jump, Serpent's Lash, Heavenly Storm


You were on level 2 of the Orcish Mines.
You worshipped Wu Jian.
Wu Jian was extremely pleased with you.
You visited 3 branches of the dungeon, and saw 18 of its levels.

You collected 817 gold pieces.
You spent 214 gold pieces at shops.

Inventory:

Hand Weapons
 a - a +5 demon trident
 b - a +4 dagger of draining
 w - a +0 bardiche
 B - a +0 short sword of venom (weapon)
Missiles
 d - 19 poisoned darts
 g - 8 boomerangs (quivered)
 z - 5 javelins
Armour
 i - a +2 pair of gloves of dexterity (worn)
 l - a +0 pair of boots (worn)
 s - a +0 buckler
 t - a +2 ring mail of positive energy
 u - the +7 chain mail of Servitude {Contam rN+ Dex+4 Stlth+}
   (You found it on level 5 of the Dungeon)

   Dex:       It affects your dexterity (+4).
   rN:        It protects you from negative energy.
   Contam:    It causes magical contamination when unequipped.
   Stlth:     It makes you more stealthy.
 A - a +0 troll leather armour (worn)
 E - a +1 helmet of see invisible (worn)
 G - a +1 cloak of stealth (worn)
Jewellery
 p - an amulet of magic regeneration
 v - an amulet of regeneration (around neck)
 D - a ring of fire (left hand)
Wands
 f - a wand of digging (9) {@v3}
 n - a wand of polymorph (1)
 o - a wand of charming (2)
 F - a wand of mindburst (6)
 H - a wand of roots (4)
Scrolls
 c - 4 scrolls of fog
 e - 3 scrolls of fear
 h - a scroll of torment
 j - a scroll of noise
 k - a scroll of amnesia
 m - a scroll of immolation
 q - a scroll of silence
 r - 2 scrolls of teleportation {@r3}
 x - a scroll of vulnerability
 y - 2 scrolls of blinking {@r4}
 C - a scroll of identify {@r1}


   Skills:
 - Level 8.0 Fighting
 - Level 8.0 Short Blades
 + Level 4.6 Polearms
 - Level 8.0 Dodging
 - Level 4.1 Stealth
 - Level 7.3 Spellcasting
 - Level 5.8 Hexes
 - Level 9.0 Summonings
 - Level 6.0 Ice Magic


You had 7 spell levels left.
You knew the following spells:

 Your Spells              Type           Power      Damage    Failure   Level
a - Confusing Touch       Hex            18%        N/A       5%          3
b - Call Canine Familiar  Summ           25%        N/A       1%          3
c - Summon Guardian Gole  Hex/Summ       22%        N/A       2%          3
d - Summon Ice Beast      Ice/Summ       22%        N/A       9%          4
e - Frozen Ramparts       Ice            36%        1d6       4%          3
f - Ensorcelled Hibernat  Hex/Ice        36%        N/A       2%          2

Your spell library contained the following spells:

 Spells                   Type           Power      Damage    Failure   Level
 Summon Small Mammal      Summ           100%       N/A       1%          1
 Dazzling Flash           Conj/Hex       22%        N/A       19%         3
 Cause Fear               Hex            9%         N/A       19%         4
 Kiss of Death            Conj/Necr      24%        2d7       21%         1
 Passwall                 Tmut/Erth      3%         N/A       30%         2
 Kindle Blastsparks       Fire/Tloc/Air  12%        2d11      52%         3
 Swiftness                Air            4%         N/A       52%         3
 Fulminant Prism          Conj/Hex       5%         3d7       52%         4
 Silence                  Hex/Air        5%         N/A       86%         5
 Dispel Undead            Necr           6%         3d8       89%         4
 Iskenderun's Mystic Bla  Conj/Tloc      4%         2d3       89%         4
 Agony                    Necr           6%         N/A       99%         5
 Lee's Rapid Deconstruct  Erth           2%         3d4*      99%         5
 Orb of Destruction       Conj           2%         9d5       100%        7
 Spellforged Servitor     Conj/Summ      7%         N/A       100%        7
 Dragon's Call            Summ           12%        N/A       100%        9
 Ice Form                 Ice/Tmut       Unusable   N/A       N/A         4
 Dragon Form              Tmut           Unusable   N/A       N/A         7

Dungeon Overview and Level Annotations

Branches:
Dungeon (11/15) Zot: 25585    Lair (5/5) D:9 Zot: 25981   Slime (0/5) Lair:5
    Orc (2/2) D:11 Zot: 11806
 Temple: D:4-7        Swamp: Lair:2-3    Shoals: Lair:2-3     Snake: Lair:2-3
 Spider: Lair:2-3       Elf: Orc:2

Altars:
Dithmenos
Qazlal
Ru
Vehumet
Wu Jian
Xom

Shops:
Orc:2 [

Annotations:
D:2 exclusions: downstairs and 1 more exclusion
D:4 2 transporters, ASSMAN's ghost, novice VSBe
D:5 exclusions: black bear and ogre
D:10 1 runed translucent door, pokeman's ghost, journeyman DEHW
D:11 1 exclusion
Lair:2 1 exclusion
Lair:3 exclusions: upstairs and 1 more exclusion
Lair:4 exclusion: wraith, Rupert
Orc:2 Jorgrun


Innate Abilities, Weirdness & Mutations

You are immune to poison.
Your flesh is cold resistant. (rC+)
You are immune to negative energy. (rN+++)
You are immune to unholy pain and torment.
You are vulnerable to heat. (rF-)
You are in touch with the powers of death.
You do not drink.
You have a special connection with the divine. (Faith)


Message History

You hear a shout!
Jorgrun points at you and mumbles some strange words.
You resist with some effort.
You hear two shouts!
Jorgrun gestures at you while chanting. You resist with some effort.
An ogre comes into view. It is wielding a +0 giant spiked club.
You turn to flesh and can move again. a +3 longbow of flaming; a +0 barding Unknown command.
You spin and attack Jorgrun.
You puncture Jorgrun!
Jorgrun is poisoned.
Jorgrun is severely wounded.
Jorgrun gestures at you while chanting. The iron shot hits you!!
* * * LOW HITPOINT WARNING * * *
A two-headed ogre comes into view. It is wielding two +0 giant clubs.
You spin and attack the ogre.
You puncture the ogre!
The ogre is poisoned.
The ogre is heavily wounded.
Jorgrun points at you and mumbles some strange words.
You resist with some effort.
The two-headed ogre moves out of view.
You spin and attack the ogre.
You hit the ogre.
The ogre looks as sick as possible!
The ogre is severely wounded.
You hear a shout!
The ogre hits you with a +0 giant spiked club!!
* * * LOW HITPOINT WARNING * * *
You lunge at Jorgrun.
You barely miss Jorgrun.
Jorgrun is severely wounded.
You spin and attack the ogre repeatedly.
You puncture the ogre!
You kill the ogre!
Jorgrun hits you with a +0 heavy quarterstaff!
* * * LOW HITPOINT WARNING * * *
You spin and attack Jorgrun repeatedly.
You hit Jorgrun.
Jorgrun looks as sick as possible!
Jorgrun is severely wounded.
You hit Jorgrun.
Jorgrun looks as sick as possible!
Jorgrun is severely wounded.
Jorgrun hits you with a +0 heavy quarterstaff!!
You die...

##.# . #... #. ##
##...##.###.###
##.......$.....####
#....☼☼☼☼☼......#.##
#...#§§☼§#.........#
...#.#§O##§.......#
.....§#§§§§§§....#
.....☼§g@§☼§.....# ##
.....§§☼§§§☼....## #####.
#.....§§§§§§.....###..#.♣
.......☼☼§§§☼.)...#......
......☼☼§§§.#.#..........
.............##..........
..............#..........
................<........
.........................


You could see Jorgrun (extremely poisoned) and a two-headed ogre.

Vanquished Creatures
  A boulder beetle (Lair:1)
  Urug (D:10)
  3 elephants (Lair:2)
  2 black mambas
  Maurice (D:10)
  2 cane toads (Lair:1)
  A rime drake (Lair:1)
  2 komodo dragons
  Psyche (D:8)
  A troll (D:8)
  2 polar bears (Lair:2)
  A shadow (D:11)
  A wraith (D:9)
  A vampire (D:11)
  24 yaks
  5 wyverns
  A nameless horror (Lair:2)
  2 basilisks
  4 vampire mosquitoes (D:11)
  A steam dragon (D:10)
  An acid dragon (D:9)
  12 water moccasins
  A sky beast (D:7)
  3 black bears
  9 wolves
  3 ogres
  2 orc warriors
  A phantom (D:11)
  5 kobold brigands
  5 bullfrogs
  A necrophage (D:6)
  3 scorpions
  7 wights
  2 troll zombies (D:11)
  14 killer bees (D:9)
  4 howler monkeys
  4 jellies
  3 gnoll boudas
  3 hounds
  4 orc priests
  An iguana (D:9)
  6 orc wizards
  6 ogre zombies (D:11)
  8 adders
  6 gnolls
  2 shadow imps
  A white imp (D:6)
  An ufetubus (D:5)
  4 worms
  A dart slug (D:3)
  25 orcs
  7 bats
  4 endoplasms
  3 giant cockroaches
  6 goblins
  4 hobgoblins
  A jackal (D:4)
  2 quokkas (D:4)
  7 ball pythons
  3 frilled lizards
  A goblin skeleton (D:11)
  5 goblin zombies (D:11)
  3 hobgoblin zombies (D:11)
  31 kobolds
  2 orc skeletons (D:11)
  11 orc zombies (D:11)
  8 rats
303 creatures vanquished.

Vanquished Creatures (collateral kills)
  An elephant (Lair:2)
  A blink frog (Lair:2)
  A yak (Lair:1)
  A basilisk (Lair:2)
  3 water moccasins
  2 black bears (Lair:1)
  2 ogres (Orc:2)
  4 wolves
  A bullfrog (Lair:2)
  2 orc zombies (D:11)
18 creatures vanquished.

Vanquished Creatures (others)
  Nessos (Orc:2)
  A cyclops (D:11)
  A gargoyle (D:11)
  3 komodo dragons
  2 jumping spiders (Lair:3)
  A shadow (D:11)
  5 yaks
  2 water moccasins (Lair:1)
  A wolf (Lair:3)
  An orc zombie (D:11)
  3 bushes (D:9)
  17 fungi
  71 plants
109 creatures vanquished.

Grand Total: 430 creatures vanquished

Notes
Turn   | Place    | Note
-------+----------+-------------------------------------------
     0 | D:5      | iguanaiguana the Mummy Delver began the quest for the Orb.
     0 | D:5      | Reached XP level 1. HP: 18/18 MP: 1/1
     1 | D:6      | Noticed a wyvern
     1 | D:6      | Noticed an orc priest
    69 | D:5      | Noticed a black bear
    94 | D:5      | Noticed an ogre
   141 | D:5      | Noticed an iguana
   178 | D:4      | Noticed a phantom
   187 | D:3      | Noticed a black bear
   188 | D:3      | Noticed an orc wizard
   250 | D:2      | Found an ornate altar of the Wu Jian Council.
   259 | D:2      | Became a worshipper of the Wu Jian Council
   338 | D:2      | Reached XP level 2. HP: 22/24 MP: 2/2
   614 | D:2      | Gained mutation: You are in touch with the powers of death.
                  | [Mummy growth]
   614 | D:2      | Reached XP level 3. HP: 23/29 MP: 3/3
   678 | D:1      | Reached * piety under Wu Jian
  1174 | D:3      | Reached XP level 4. HP: 35/35 MP: 4/4
  1191 | D:3      | Killed a black bear
  1192 | D:3      | Reached XP level 5. HP: 25/41 MP: 5/5
  1204 | D:3      | Reached ** piety under Wu Jian
  1266 | D:3      | Reached skill level 1 in Spellcasting
  1285 | D:3      | Found a faded altar of an unknown god.
  1324 | D:3      | Found a radiant altar of Vehumet.
  1329 | D:3      | Learned a level 2 spell: Ensorcelled Hibernation
  1407 | D:4      | Noticed a two-headed ogre
  1409 | D:4      | Noticed a sky beast
  1409 | D:4      | Noticed ASSMAN's ghost (novice VSBe)
  1411 | D:4      | Found a transporter.
  1414 | D:4      | Found a transporter.
  1419 | D:4      | Reached XP level 6. HP: 47/47 MP: 9/9
  1473 | D:4      | Found a stormy altar of Qazlal.
  1515 | D:4      | Reached skill level 1 in Ice Magic
  1770 | D:5      | Identified the +7 chain mail of Servitude {Contam rN+ Dex+4
                  | Stlth+}
  1861 | D:5      | Reached *** piety under Wu Jian
  1862 | D:5      | Reached XP level 7. HP: 49/52 MP: 12/12
  1907 | D:6      | Reached skill level 5 in Short Blades
  2114 | D:6      | Reached XP level 8. HP: 55/58 MP: 13/13
  2304 | D:7      | Found a shimmering altar of Xom.
  2304 | D:7      | Found a shimmering altar of Xom.
  2307 | D:7      | Found a shimmering altar of Xom.
  2314 | D:7      | Found a shimmering altar of Xom.
  2323 | D:7      | Found a shimmering altar of Xom.
  2353 | D:7      | Reached **** piety under Wu Jian
  2592 | D:8      | Noticed Psyche
  2607 | D:8      | Killed Psyche
  2608 | D:8      | Reached skill level 5 in Fighting
  2608 | D:8      | Reached XP level 9. HP: 68/68 MP: 14/14
  2852 | D:9      | Reached ***** piety under Wu Jian
  3065 | D:9      | Found a staircase to the Lair.
  3077 | D:9      | Reached XP level 10. HP: 60/79 MP: 15/15
  3080 | D:9      | Reached skill level 1 in Summonings
  3083 | D:9      | Reached skill level 2 in Summonings
  3089 | D:9      | Reached skill level 3 in Summonings
  3227 | D:9      | Reached skill level 4 in Summonings
  3328 | D:9      | Reached skill level 5 in Summonings
  3354 | D:10     | Entered Level 10 of the Dungeon
  3642 | D:8      | Found a sacrificial altar of Ru.
  3702 | D:7      | Reached skill level 6 in Summonings
  3924 | D:10     | Reached skill level 7 in Summonings
  4013 | D:10     | Reached XP level 11. HP: 58/86 MP: 16/16
  4034 | D:10     | Found a shadowy altar of Dithmenos.
  4106 | D:10     | Noticed Urug
  4151 | D:10     | Killed Urug
  4218 | D:10     | Learned a level 3 spell: Call Canine Familiar
  4222 | D:10     | Learned a level 3 spell: Summon Guardian Golem
  4330 | D:10     | Noticed Maurice
  4346 | D:10     | Killed Maurice
  4347 | D:10     | Reached skill level 1 in Polearms
  4377 | D:10     | Noticed pokeman's ghost (journeyman DEHW)
  4392 | D:10     | Found a runed translucent door.
  4432 | Lair:1   | Entered Level 1 of the Lair of Beasts
  4452 | Lair:1   | Noticed a boulder beetle
  4476 | Lair:1   | Killed a boulder beetle
  4612 | Lair:1   | Learned a level 3 spell: Confusing Touch
  4705 | Lair:1   | Noticed a catoblepas
  4756 | Lair:1   | Reached skill level 5 in Spellcasting
  5171 | Lair:3   | Reached skill level 5 in Hexes
  5200 | Lair:2   | Noticed a death yak
  5200 | Lair:2   | Noticed a death yak
  5235 | Lair:3   | You fall into a shaft and drop 2 floors!
  5235 | Lair:5   | Entered Level 5 of the Lair of Beasts
  5319 | Lair:5   | Found a staircase to the Slime Pits.
  5337 | Lair:4   | Learned a level 4 spell: Summon Ice Beast
  5370 | Lair:4   | Noticed Rupert
  5524 | Lair:3   | Learned a level 3 spell: Frozen Ramparts
  5779 | Lair:2   | Reached ****** piety under Wu Jian
  5780 | Lair:2   | Reached XP level 12. HP: 92/92 MP: 7/21
  5851 | Lair:2   | Reached skill level 5 in Ice Magic
  6010 | Lair:2   | Reached skill level 8 in Summonings
  6539 | D:11     | Reached skill level 9 in Summonings
  6608 | D:11     | Found a staircase to the Orcish Mines.
  6725 | Orc:1    | Entered Level 1 of the Orcish Mines
  6746 | Orc:2    | Entered Level 2 of the Orcish Mines
  6829 | Orc:2    | Found Kopugis's Armour Shoppe.
  6833 | Orc:2    | Bought a +1 helmet of see invisible for 214 gold pieces
  6852 | Orc:2    | Noticed Nessos
  6875 | Orc:2    | Noticed Jorgrun
  6884 | Orc:2    | Your ally Nessos died
  6917 | Orc:2    | Noticed a two-headed ogre
  6920 | Orc:2    | Slain by Jorgrun

Illustrated notes

Levels and vault maps discovered:
D:1:      dpeg_arrival_rooms_a, layout_rooms, serial_co_window_serial,
          co_window_paths_a, co_window_paths_a, co_window_paths_b,
          co_window_paths_b, co_window_paths_a, co_window_2corner,
          co_window_broadway_a, co_window_of_opportunity_b, co_window_2corner,
          co_window_4corner_b, glass_columns_b, glass_columns_c,
          chequers_serial_rivers_micro_d
D:2:      minmay_recursive_quarters, layout_rooms, basic_altar,
          serial_bayou_pond_b, chequers_serial_rivers_marsh, kennysheep_nub,
          uniq_natasha
D:3:      layout_rooms, mainiacjoe_overflow_chevrons,
          chequers_ecumenical_altar_island
D:4:      layout_loops_ring, nicolae_qazlal_general_emergency,
          mainiacjoe_overflow_alcove_2, gammafunk_ghost_arena
D:5:      layout_loops_ring
D:6:      layout_gridville, supply_closet_lemuel
D:7:      layout_basic, xom_redecorated, minmay_temple_entry_trees,
          nicolae_titane
D:8:      layout_rooms, old_standard_altar, lemuel_coloured_pillars_altar,
          nicolae_grassy_gnolls, uniq_psyche
D:9:      layout_stronghold, minmay_lair_entry_grove,
          minmay_misc_feat_more_columns
D:10:     layout_roguey, mainiacjoe_overflow_paths, hellmonk_ghost_big_iron,
          minmay_curled_crystal, uniq_maurice, uniq_urug
D:11:     layout_loops_ring, zombieorc2_lemuel
Lair:1:   layout_regular_city, beast_lair_carwin_11
Lair:2:   layout_cellular_growth, st_stairs_11
Lair:3:   layout_chaotic_city, nicolae_swamp_entry_splash_gauntlet,
          spider_nest_entry_funnel_web
Lair:4:   layout_regular_city, serial_bayou_shore_b, uniq_josephine, uniq_rupert
Lair:5:   hellmonk_lair_end_abyssal_woods, layout_regular_city, slime_entry_1,
          serial_bayou_shore_a
Orc:1:    layout_diamond_mine
Orc:2:    st_orc_ogre_mass, layout_caves, serial_shops, nicolae_shop_trees,
          uniq_jorgrun, uniq_nessos

Skill      XL: |  1  2  3  4  5  6  7  8  9 10 11 12 |
---------------+-------------------------------------+-----
Short Blades   | 2 3 4 6 8 |  8.0
Hexes          | 2 5 |  5.8
Spellcasting   | 2 3 6 7 |  7.3
Ice Magic      | 2 4 6 |  6.0
Fighting       | 5 7 8 |  8.0
Dodging        | 8 |  8.0
Summonings     | 7 9 |  9.0
Polearms       | 3 4 |  4.6
Stealth        | |  4.1

Action                     |  1- 3 |  4- 6 |  7- 9 | 10-12 || total
---------------------------+-------+-------+-------+-------++-------
  Melee: Short sword       |   122 |   153 |   302 |   400 ||   977
         Punch             |     2 |     2 |    10 |    10 ||    24
         Dagger            |    21 |    15 |   117 |   154 ||   307
         Demon trident     |       |       |       |   345 ||   345
  Throw: Boomerang         |     5 |     7 |     5 |       ||    17
         Throwing net      |       |     2 |       |     2 ||     4
         Dart              |       |       |     9 |    14 ||    23
   Cast: Call Canine Famil |       |       |       |    44 ||    44
         Summon Guardian G |       |       |       |    33 ||    33
         Confusing Touch   |       |       |       |     8 ||     8
         Summon Ice Beast  |       |       |       |    15 ||    15
         Ensorcelled Hiber |       |       |       |     4 ||     4
         Frozen Ramparts   |       |       |       |     1 ||     1
 Invoke: Serpent's Lash    |       |       |       |     4 ||     4
         Heavenly Storm    |       |       |       |     2 ||     2
Ability: Lunge             |    10 |     7 |    12 |    24 ||    53
         Whirlwind         |     1 |    35 |   120 |   276 ||   432
         Wall Jump         |       |       |     4 |     2 ||     6
  Evoke: Wand              |     2 |       |       |     7 ||     9
    Use: Scroll            |     6 |     3 |     8 |     3 ||    20
   Stab: Sleeping          |     4 |     1 |       |     9 ||    14
         Held in net/web   |       |     1 |       |     1 ||     2
         Confused          |       |       |       |     5 ||     5
         Distracted        |       |       |       |     8 ||     8
 Armour: Leather armour    |    13 |       |       |       ||    13
         Ring mail         |    25 |    52 |       |       ||    77
         Chain mail        |       |    27 |   191 |   149 ||   367
         Troll leather arm |       |       |       |   154 ||   154
  Dodge: Dodged            |    76 |    79 |   101 |   565 ||   821

Table legend: (Time is in decaauts)
 A = Elapsed time spent in this place.
 B = Non-inter-level travel time spent in this place.
 C = Inter-level travel time spent in this place.
 D = Time resting spent in this place.
 E = Time spent auto-exploring this place.
 F = Levels seen in this place.
 G = Mean time per level.
                   A        B        C        D        E       F      G
               +--------+--------+--------+--------+--------+-----+--------+
         Total |   6678 |   6206 |    472 |     62 |      0 |  18 |  371.0 |
       Dungeon |   4615 |   4249 |    366 |     62 |      0 |  11 |  419.5 |
          Lair |   1870 |   1780 |     90 |      0 |      0 |   5 |  374.0 |
  Orcish Mines |    192 |    176 |     16 |      0 |      0 |   2 |   96.0 |
               +--------+--------+--------+--------+--------+-----+--------+

Top non-repeatable levels by time:
  Lair:1: 843 daAuts
     D:9: 752 daAuts
  Lair:2: 526 daAuts
    D:10: 520 daAuts
     D:5: 519 daAuts
     D:8: 493 daAuts
     D:2: 467 daAuts
    D:11: 358 daAuts
     D:6: 357 daAuts
  Lair:3: 352 daAuts
     D:3: 330 daAuts
     D:1: 305 daAuts
     D:4: 255 daAuts
     D:7: 253 daAuts
   Orc:2: 172 daAuts
